 Dungeon Crawl Stone Soup version 0.27.0-1-g7a089689b8 (webtiles) character file.

Game seed: 1036645659818008610

2665 H0rd4k the Summoner (level 9, -6/57 HPs)
             Began as a Barachi Summoner on Aug 4, 2021.
             Was a Follower of Qazlal.
             Killed from afar by Erica (23 damage)
             ... with a bolt of poison
             ... on level 9 of the Dungeon.
             The game lasted 00:40:41 (13864 turns).

H0rd4k the Summoner (Barachi Summoner)             Turns: 13864, Time: 00:40:42

Health: -6/57      AC:  8    Str:  9    XL:     9   Next: 63%
Magic:  13/22      EV: 12    Int: 25    God:    Qazlal [*.....]
Gold:   496        SH:  2    Dex: 13    Spells: 18/26 levels left

rFire    . . .     SeeInvis .   (no weapon)
rCold    . . .     Faith    .   (no shield)
rNeg     . . .     Spirit   .   l - +3 leather armour
rPois    .         Reflect  .   o - +2 hat
rElec    .         Harm     .   (no cloak)
rCorr    +         Rampage  .   (no gloves)
Will     .....                  (no boots)
Stlth    +.........             s - amulet of regeneration
HPRegen  1.19/turn              d - ring of resist corrosion
MPRegen  0.18/turn              r - +6 ring of intelligence

@: lethally poisoned (-6 -> -10), unable to hop, slow
A: amphibious, slowness 1, strong legs 1, +LOS
a: Hop, Renounce Religion


You were on level 9 of the Dungeon.
You worshipped Qazlal.
Qazlal was aware of your devotion.
You visited 2 branches of the dungeon, and saw 10 of its levels.

You collected 496 gold pieces.

Inventory:

Hand Weapons
 h - a +2 whip of venom
 z - a +2 falchion of holy wrath
Missiles
 m - 24 poisoned darts
Armour
 l - a +3 leather armour (worn)
 o - a +2 hat (worn)
Magical Staves
 u - a staff of cold
 v - a staff of death
Jewellery
 d - a ring of resist corrosion (left hand)
 i - a ring of fire
 r - a +6 ring of intelligence (right hand)
 s - an amulet of regeneration (around neck)
 y - a ring of protection from cold
Scrolls
 a - 2 scrolls of fear {unknown}
 c - 3 scrolls of teleportation
 f - 3 scrolls of enchant weapon
 g - a scroll of silence {unknown}
 j - a scroll of magic mapping {unknown}
 k - 4 scrolls of amnesia {unknown}
 q - 2 scrolls of blinking {unknown}
 A - 3 scrolls of identify
Potions
 b - 3 potions of haste
 e - a potion of resistance
 n - a potion of might
 p - a potion of brilliance
 t - a potion of curing
 w - a potion of flight {unknown}
 x - a potion of mutation {unknown}


   Skills:
 + Level 0.8 Short Blades
 + Level 0.1(0.5) Long Blades
 + Level 2.4 Dodging
 - Level 1.7 Stealth
 * Level 9.1 Spellcasting
 + Level 0.3 Conjurations
 + Level 10.5 Summonings
 * Level 2.4 Ice Magic
 + Level 4.1 Air Magic


You had 18 spell levels left.
You knew the following spells:

 Your Spells              Type           Power      Damage    Failure   Level
a - Summon Small Mammal   Summ           100%       N/A       1%          1
b - Call Canine Familiar  Summ           59%        N/A       1%          3
c - Summon Lightning Spi  Summ/Air       48%        N/A       3%          4

Your spell library contained the following spells:

 Spells                   Type           Power      Damage    Failure   Level
 Call Imp                 Summ           59%        N/A       1%          2
 Summon Guardian Golem    Hex/Summ       37%        N/A       2%          3
 Corpse Rot               Necr/Air       N/A        N/A       4%          2
 Poisonous Vapours        Pois/Air       42%        N/A       4%          2
 Swiftness                Air            32%        N/A       4%          3
 Passwall                 Tmut/Erth      9%         N/A       12%         2
 Sublimation of Blood     Necr           5%         N/A       12%         2
 Petrify                  Tmut/Erth      11%        N/A       58%         4
 Freezing Cloud           Conj/Ice/Air   11%        6-21      63%         5
 Irradiate                Conj/Tmut      6%         3d15      89%         5
 Invisibility             Hex            5%         N/A       100%        6


Dungeon Overview and Level Annotations

Branches:
Dungeon (9/15)             Temple (1/1) D:6            Lair (0/6) D:8
    Orc: D:9-12

Altars:
Ashenzari
Cheibriados
Dithmenos
Elyvilon
Fedhas
Gozag
Hepliaklqana
Kikubaaqudgha
Makhleb
Nemelex Xobeh
Okawaru
Qazlal
Ru
Sif Muna
Trog
Uskayaw
Vehumet
Wu Jian
Xom
Yredelemnul
Zin
The Shining One

Shops:
D:8 *

Annotations:
D:1 exclusion: 2 downstairs
D:2 exclusion: downstairs
D:4 3 runed translucent doors, exclusions: 3 doors and downstairs, FIQ's ghost, novice VSBe
D:7 exclusion: 2 downstairs
D:9 Erica


Innate Abilities, Weirdness & Mutations

You are amphibious.
You cover ground slowly.
You can hop short distances.
You have an extended range of vision and can be seen from far away.


Message History

Are you sure you want to stumble around while confused and next to your lightning spire?
You feel sick.
The kobold throws a stone.
The stone closely misses you.
Your lightning spire shoots out a bolt of lightning at the troll!
The bolt of electricity hits something.
The bolt of electricity hits the troll!
The troll bites you. The troll claws you! The troll claws you.
Something hits you. Something burns you.
Your lightning spire shoots out a bolt of lightning at the troll!
The bolt of electricity hits something!!
The bolt of electricity hits the troll!
Okay, then.
Are you sure you want to stumble around while confused and next to your lightning spire?
You feel sick. The kobold brigand barely misses you.
The kobold barely misses you.
Your lightning spire shoots out a bolt of lightning at the troll!
The bolt of electricity hits the troll!
The troll dies!
Qazlal accepts your kill.
The bolt of electricity hits your quokka!
Your quokka dies!
Your quokka's corpse disappears in a puff of smoke!
Unknown command.
You're too confused to cast spells.
You're too confused to move!
You feel less confused.
You feel sick. The kobold brigand closely misses you.
The kobold hits you but does no damage. Something hits you!
Something burns you.
* * * LOW HITPOINT WARNING * * *
Unknown command.
Casting: Summon Small Mammal (safe; 1% risk of failure)
Confirm with . or Enter, or press ? or * to list all spells.
You feel sick.
You are no longer poisoned.
Your lightning spire disappears in a puff of smoke!
The kobold brigand hits you but does no damage.
You hear some strange, mumbled words.
A bolt of poison appears from out of thin air!
The bolt of poison hits you!!
You are poisoned.
You die...

#...######..# .# #...#
#..# #...# #..# #...#
#..# #...# #..# #
#...######..# .#
............# ..#
#...........######..#
#...............@...#
#...........§..{KK..#
#.............§.§.h.#
#.....................).
#.......................
#..................######
#..................#
#.#########........#
#........[


You could see a kobold brigand (ally target), a kobold and a friendly wolf
(summoned).

Vanquished Creatures (collateral kills)
  A kobold demonologist (D:9)
  2 trolls (D:9)
  A hornet (D:8)
  Sigmund (D:3)
  A yak (D:8)
  2 wyverns
  A steam dragon (D:8)
  Edmund (D:5)
  2 water moccasins
  2 ice beasts (D:6)
  A sky beast (D:7)
  2 black bears
  3 orc warriors
  2 ogres (D:4)
  3 centaurs
  A phantom (D:6)
  A kobold brigand (D:9)
  Blork the orc (D:4)
  A bullfrog (D:8)
  2 gnoll sergeants
  2 scorpions
  A wyvern skeleton (D:6)
  3 howler monkeys
  5 killer bees (D:8)
  5 wights (D:7)
  2 nameless horrors
  2 bullfrog zombies
  A hound (D:6)
  6 orc priests
  A centaur zombie (D:8)
  3 jellies
  2 iguanas
  An orc wizard (D:6)
  A killer bee zombie (D:7)
  A howler monkey zombie (D:7)
  9 adders
  35 gnolls
  2 shadow imps
  2 white imps (D:8)
  An adder zombie (D:5)
  4 worms
  32 orcs
  3 endoplasms
  6 giant cockroaches
  13 goblins
  6 hobgoblins
  13 jackals (D:3)
  6 kobolds
  2 quokkas (D:1)
  6 ball pythons
  A bat (D:2)
  5 frilled lizards
  A goblin zombie (D:9)
  An orc zombie (D:9)
  5 rats
  A spectral goblin (D:3)
221 creatures vanquished.

Vanquished Creatures (others)
  2 fungi (D:8)
  10 plants
12 creatures vanquished.

Grand Total: 233 creatures vanquished

Notes
Turn   | Place    | Note
-------+----------+-------------------------------------------
     0 | D:1      | H0rd4k the Barachi Summoner began the quest for the Orb.
     0 | D:1      | Reached XP level 1. HP: 13/13 MP: 3/3
   154 | D:1      | Reached skill level 5 in Summonings
   734 | D:1      | Reached XP level 2. HP: 18/19 MP: 0/5
  1973 | D:2      | Reached XP level 3. HP: 24/24 MP: 2/7
  1977 | D:2      | Learned a level 3 spell: Call Canine Familiar
  2733 | D:3      | Noticed Sigmund
  2900 | D:3      | You fall into a shaft and drop 1 floor!
  2986 | D:4      | Found a runed translucent gate.
  2987 | D:4      | Found a runed translucent gate.
  2988 | D:4      | Found a runed translucent gate.
  3002 | D:4      | Noticed FIQ's ghost (novice VSBe)
  3466 | D:3      | Reached XP level 4. HP: 26/30 MP: 1/9
  3646 | D:3      | Reached skill level 6 in Summonings
  4012 | D:3      | Reached XP level 5. HP: 19/35 MP: 3/10
  4634 | D:5      | Entered Level 5 of the Dungeon
  4888 | D:4      | Noticed Blork the orc
  5052 | D:4      | Noticed an ogre
  5061 | D:4      | Killed an ogre
  5107 | D:4      | Learned a level 4 spell: Summon Lightning Spire
  5299 | D:4      | Noticed an ogre
  5342 | D:4      | Killed an ogre
  5343 | D:4      | Reached skill level 1 in Air Magic
  5343 | D:4      | Reached XP level 6. HP: 41/41 MP: 7/12
  5704 | D:4      | Reached skill level 7 in Summonings
  5893 | D:3      | Killed Sigmund
  6022 | D:3      | Found a faded altar of an unknown god.
  6633 | D:3      | Reached skill level 5 in Spellcasting
  6633 | D:3      | Reached XP level 7. HP: 38/46 MP: 9/14
  7378 | D:4      | Killed Blork the orc
  8340 | D:5      | Found a snail-covered altar of Cheibriados.
  8780 | D:5      | Noticed Edmund
  8792 | D:5      | Killed Edmund
  8793 | D:5      | Reached skill level 8 in Summonings
  9327 | D:6      | Found a radiant altar of Vehumet.
  9545 | D:6      | Found a hide-covered altar of Uskayaw.
  9717 | D:6      | Reached XP level 8. HP: 52/52 MP: 8/17
  9935 | D:6      | Found a staircase to the Ecumenical Temple.
  9950 | Temple   | Entered the Ecumenical Temple
 10077 | Temple   | Became a worshipper of Qazlal Stormbringer
 10704 | D:7      | Noticed a nameless horror
 10715 | D:7      | Killed a nameless horror
 10765 | D:6      | Reached skill level 9 in Summonings
 11476 | D:7      | Found a glowing silver altar of Zin.
 11478 | D:7      | Found a glowing golden altar of the Shining One.
 11479 | D:7      | Found a white marble altar of Elyvilon.
 11668 | D:8      | Found a shadowy altar of Dithmenos.
 11762 | D:8      | Reached * piety under Qazlal
 11900 | D:8      | Found Jiupek Gehi's Changing Room.
 11924 | D:8      | Noticed a yak
 11933 | D:8      | Killed a yak
 12071 | D:8      | Noticed a hornet
 12076 | D:8      | Killed a hornet
 12077 | D:8      | Reached XP level 9. HP: 51/57 MP: 11/21
 12186 | D:8      | Reached skill level 10 in Summonings
 12864 | D:8      | Found a staircase to the Lair.
 12984 | D:8      | Found a burning altar of Makhleb.
 13315 | D:9      | Noticed a troll
 13326 | D:9      | Killed a troll
 13327 | D:9      | Reached skill level 1 in Ice Magic
 13675 | D:9      | Noticed a kobold demonologist
 13684 | D:9      | Noticed a sun demon
 13694 | D:9      | Noticed an ice devil
 13710 | D:9      | Killed a kobold demonologist
 13847 | D:9      | Noticed a troll
 13851 | D:9      | Noticed Erica
 13862 | D:9      | Killed a troll
 13864 | D:9      | Killed from afar by Erica

Illustrated notes

Levels and vault maps discovered:
D:1:      dpeg_arrival_renting, layout_basic, st_stairs_13, minmay_cupped
D:2:      layout_basic
D:3:      lemuel_castle_with_subvaults [lemuel_castle_interior_original],
          layout_basic, dreamdust_ecumenical_altar_drowned_temple,
          kennysheep_generic_room_11, uniq_sigmund
D:4:      layout_basic, gammafunk_ghost_necromancy, minmay_goblin_outpost,
          uniq_blork_the_orc
D:5:      layout_loops_ring, mainiacjoe_overflow_concentric_impassable,
          fountainhead, serial_park_tiny_1, uniq_edmund
D:6:      layout_basic, mainiacjoe_overflow_six_doors_small,
          kennysheep_little_box, minmay_temple_entry_nine_rooms,
          serial_bayou_lagoon_a
D:7:      layout_basic, good_gods_temple_1
D:8:      layout_gridville, lightli_temple_of_fire,
          mainiacjoe_overflow_surrounded_room, grunt_lair_entry_orc_guard_hut,
          nicolae_transmutations_shop
D:9:      layout_small_grid, zombieorc2_lemuel, uniq_erica
Temple:   zaba_magenta_temple

Skill      XL: |  1  2  3  4  5  6  7  8  9 |
---------------+----------------------------+-----
Summonings     | 5 6 7 8 9 10 | 10.5
Spellcasting   | 3 4 5 6 8 9 |  9.1
Air Magic      | 1 2 3 4 |  4.1
Ice Magic      | 2 |  2.4
Short Blades   | |  0.8
Long Blades    | |  0.1
Dodging        | |  2.4
Stealth        | |  1.7
Conjurations   | |  0.3

Action                   |  1- 3 |  4- 6 |  7- 9 || total
-------------------------+-------+-------+-------++-------
Melee: Unarmed           |     9 |    16 |     6 ||    31
 Cast: Summon Small Mamm |   136 |   124 |   118 ||   378
       Call Canine Famil |     6 |    36 |    55 ||    97
       Summon Lightning  |       |     1 |    49 ||    50
 Abil: Hop               |     2 |     3 |     4 ||     9
  Use: Potion            |       |     4 |       ||     4
       Scroll            |       |     3 |     4 ||     7
Armor: Robe              |    12 |     9 |       ||    21
       Leather armour    |       |     3 |    33 ||    36
Dodge: Dodged            |    49 |    45 |    69 ||   163
